AoeStats
← Thewanderero

QS Arena

503693378Analyzed
4v4 RM · 1mo ago on Sep 1, 2026· 42m 16s· 8 players
Game mode
Random Map
Map size
Large (8 player)
Population
200
Speed
Normal
Resources
Standard
Victory
Conquest
Starting age
Dark Age
Ending age
Imperial Age
RankedLock teamsTeams togetherTeam positionsShared explorationLock speedFull tech treeHidden civsTurbo modeCheats
Victory
Defeat
🇹🇷 Britons · Türkiye
1184
+11
🇮🇳 Sicilians · India
1054
+17
🇨🇦 Ethiopians · Canada
1051
+17
🇹🇷 Franks · Türkiye
1019
+18
🇺🇸 Romans · United States
1101
-17
🇦🇷 Franks · Argentina
1077
-16
🇧🇾 Burgundians · Belarus
1059
-15
🇹🇷 Magyars · Türkiye
1044
-14
Demonte
2:03 Loom
8:48 Feudal Age
10:22 Double-Bit Axe
12:44 Castle Age
11:39 Horse Collar
13:43 Bow Saw
19:38 Wheelbarrow
19:19 Loom
19:21 Town Watch
19:46 Heavy Plow
19:50 Gold Mining
20:29 Stone Mining
21:17 Gold Shaft Mining
23:57 Hand Cart
27:23 Imperial Age
25:26 Scale Barding Armor
26:50 Corvinian Army
27:12 Chain Barding Armor
26:36 Treadmill Crane
27:33 Bloodlines
27:23 Husbandry
29:06 Chemistry
29:15 Two-Man Saw
29:00 Crop Rotation
28:22 Elite Magyar Huszar
29:22 Conscription
30:29 Hoardings
30:28 Pikeman
31:17 Scale Mail Armor
31:06 Halberdier
32:52 Heavy Cavalry Archer
33:57 Parthian Tactics
33:24 Fletching
33:35 Padded Archer Armor
33:58 Thumb Ring
34:00 Bodkin Arrow
34:27 Ballistics
34:41 Elite Skirmisher
35:22 Bracer
35:38 Leather Archer Armor
35:38 Chain Mail Armor
35:56 Recurve Bow
36:52 Siege Engineers
36:45 Murder Holes
37:43 Ring Archer Armor
37:53 Plate Barding Armor
Thewanderero
4:28 Double-Bit Axe
7:08 Horse Collar
8:26 Loom
10:11 Feudal Age
11:22 Wheelbarrow
14:08 Castle Age
12:35 Bow Saw
13:27 Heavy Plow
19:44 Fervor
20:11 Scale Mail Armor
22:14 Two-Man Saw
25:18 Imperial Age
22:45 Stone Mining
22:45 Gold Mining
24:20 Fortified Wall
23:53 Treadmill Crane
24:26 Masonry
24:34 Gold Mining
25:19 Stone Shaft Mining
24:50 Padded Archer Armor
26:01 Hand Cart
27:04 Chemistry
27:22 Leather Archer Armor
31:10 Scale Barding Armor
30:49 Elite Skirmisher
36:37 Town Watch
Pegasus
10:14 Feudal Age
15:46 Castle Age
13:44 Double-Bit Axe
14:23 Horse Collar
17:05 Heavy Plow
23:47 Wheelbarrow
25:32 Loom
26:35 Hand Cart
30:08 Imperial Age
27:25 Town Watch
27:53 Forging
27:48 Scale Barding Armor
27:46 Gold Mining
29:35 Iron Casting
29:00 Scale Mail Armor
29:38 Scale Barding Armor
30:13 Heavy Scorpion
31:38 Ballistas
31:54 Conscription
33:47 Chemistry
33:00 Bloodlines
32:50 Husbandry
32:44 Elite Centurion
34:46 Ballistics
35:13 Pikeman
37:01 Chain Barding Armor
37:42 Blast Furnace
40:14 Siege Engineers
41:42 Plate Barding Armor
KZA
8:37 Feudal Age
7:49 Loom
12:33 Castle Age
11:18 Double-Bit Axe
25:50 Imperial Age
24:42 Scale Barding Armor
24:47 Forging
25:47 Husbandry
26:09 Chain Barding Armor
25:59 Cavalier
27:17 Wheelbarrow
26:30 Town Watch
28:34 Plate Barding Armor
28:35 Iron Casting
29:39 Paladin
34:08 Blast Furnace
36:09 Chemistry
35:15 Siege Engineers
35:31 Ballistics
37:08 Light Cavalry
38:30 Elite Skirmisher
TeoMancer
8:24 Feudal Age
11:56 Castle Age
10:15 Double-Bit Axe
17:56 Wheelbarrow
19:01 Bow Saw
21:11 Gold Mining
23:02 Gold Shaft Mining
23:00 Hand Cart
22:59 Husbandry
24:05 Stone Mining
27:33 Imperial Age
24:51 Loom
24:52 Town Watch
26:06 Masonry
26:08 Fortified Wall
26:20 Scale Barding Armor
26:26 Forging
28:47 Iron Casting
28:32 Cavalier
32:48 Town Patrol
32:27 Paladin
34:07 Chain Barding Armor
34:48 Blast Furnace
38:33 Hoardings
39:07 Plate Barding Armor
40:04 Light Cavalry
Frosty
7:55 Feudal Age
9:10 Double-Bit Axe
11:59 Castle Age
10:38 Horse Collar
13:34 Heavy Plow
13:57 Bow Saw
13:58 Loom
17:17 Gold Mining
17:24 Stone Mining
21:45 Wheelbarrow
20:55 Town Watch
22:00 Gold Mining
23:42 Gold Shaft Mining
27:15 Imperial Age
24:44 Fletching
25:24 Pikeman
26:07 Squires
26:05 Bodkin Arrow
26:10 Padded Archer Armor
26:12 Scale Mail Armor
28:09 Leather Archer Armor
27:26 Elite Longbowman
28:54 Conscription
29:44 Two-Man Saw
28:38 Halberdier
29:04 Gambesons
29:46 Onager
31:58 Chain Mail Armor
31:54 Forging
31:45 Bracer
32:15 Ring Archer Armor
32:23 Ballistics
33:04 Chemistry
33:37 Arrowslits
34:57 Iron Casting
34:52 Plate Mail Armor
38:34 Hand Cart
p0psicle
8:27 Feudal Age
13:35 Castle Age
11:32 Double-Bit Axe
11:33 Horse Collar
12:53 Loom
14:20 Wheelbarrow
21:11 Bow Saw
21:29 Hand Cart
22:35 Gold Mining
26:09 Imperial Age
24:56 Gold Shaft Mining
24:11 Town Watch
24:38 Heavy Plow
25:08 Fletching
25:18 Padded Archer Armor
25:42 Ballistics
25:15 Crossbowman
25:52 Bodkin Arrow
26:24 Thumb Ring
27:15 Leather Archer Armor
26:47 Arbalester
26:58 Capped Ram
28:23 Bracer
30:15 Siege Ram
31:55 Ring Archer Armor
32:27 Chemistry
37:42 Fortified Wall
メHANSメ
8:30 Feudal Age
9:33 Horse Collar
12:22 Castle Age
10:19 Double-Bit Axe
13:21 Heavy Plow
14:56 Bow Saw
23:42 Wheelbarrow
24:00 Loom
24:55 Hand Cart
27:39 Imperial Age
26:19 First Crusade
26:09 Scale Mail Armor
26:19 Forging
26:46 Stone Mining
26:46 Gold Mining
27:09 Squires
26:56 Gambesons
27:27 Chain Mail Armor
28:57 Conscription
29:16 Ballistics
29:57 Chemistry
28:43 Arrowslits
29:16 Masonry
29:16 Siege Engineers
28:42 Elite Serjeant
30:00 Plate Mail Armor
30:45 Iron Casting
30:03 Fletching
32:14 Masonry
32:02 Murder Holes
34:32 Bodkin Arrow
34:04 Onager
35:54 Hoardings
35:46 Bracer
36:47 Blast Furnace
35:37 Siege Onager
40:30 Padded Archer Armor
40:37 Scale Barding Armor
Connection lost

Rejoining the realm…

Still unreachable

The connection could not be restored.

Session expired

The server has moved on; the page needs a fresh start.